 Dungeon Crawl Stone Soup version 0.28-a0-10-g964c8b829e (webtiles) character file.

Game seed: 11997075479037168464

3938 HAL9000 the Slicer (level 10, -4/49 HPs)
             Began as a Vine Stalker Brigand on July 25, 2021.
             Was an Initiate of Dithmenos.
             Slain by a hornet (5 damage)
             ... while paralysed by a hornet
             ... on level 8 of the Dungeon.
             The game lasted 00:19:01 (9108 turns).

HAL9000 the Slicer (Vine Stalker Brigand)           Turns: 9108, Time: 00:19:01

Health: -4/49      AC:  4    Str: 16    XL:     10   Next: 21%
Magic:  0/11       EV:  2    Int: 13    God:    Dithmenos [......]
Gold:   88         SH:  0    Dex: 15    Spells: 1/9 levels left

rFire   . . .      SeeInvis .   a - +2 dagger (elec)
rCold   + . .      Faith    .   (no shield)
rNeg    . . .      Spirit   +   b - +0 robe
rPois   .          Reflect  .   (no helmet)
rElec   .          Harm     .   c - +0 cloak
rCorr   .          Rampage  .   G - +0 pair of gloves
Will    ++...                   (no boots)
Stlth   ++++......              z - amulet of magic regeneration
HPRegen 1.16/turn               s - ring of willpower
MPRegen 0.37/turn               I - ring of protection from cold

@: paralysed, lethally poisoned (-4 -> -7), slowed
A: fangs 3, regeneration 1, magic shield, antimagic bite, no potion heal 2
a: Renounce Religion


You were on level 8 of the Dungeon.
You worshipped Dithmenos.
Dithmenos was noncommittal.
You visited 2 branches of the dungeon, and saw 9 of its levels.
You also visited: Sewer.

You collected 352 gold pieces.
You spent 264 gold pieces at shops.

Inventory:

Hand Weapons
 a - a +2 dagger of electrocution (weapon)
 r - a +0 vorpal hand crossbow
Missiles
 d - 30 poisoned darts (quivered)
 e - a curare-tipped dart
 w - 3 atropa-tipped darts
 C - 107 bolts
 K - 8 boomerangs
Armour
 b - a +0 robe (worn)
 c - a +0 cloak (worn)
 G - a +0 pair of gloves (worn)
Jewellery
 s - a ring of willpower (left hand)
 z - an amulet of magic regeneration (around neck)
 I - a ring of protection from cold (right hand)
Wands
 J - a wand of iceblast (12)
Scrolls
 g - 3 scrolls of teleportation
 i - a scroll of brand weapon
 j - a scroll of silence
 m - a scroll of torment
 o - 2 scrolls of immolation {unknown}
 p - a scroll of fear {unknown}
 q - 2 scrolls of noise {unknown}
 t - a scroll of magic mapping {unknown}
 u - 3 scrolls of enchant armour {unknown}
 x - 2 scrolls of enchant weapon {unknown}
 y - a scroll of summoning {unknown}
 L - a scroll of fog {unknown}
 M - a scroll of amnesia
Potions
 f - 6 potions of brilliance
 h - 3 potions of attraction {unknown}
 k - 5 potions of curing
 n - 3 potions of haste
 v - 2 potions of flight
 A - a potion of mutation
 B - 2 potions of might {unknown}
 D - 4 potions of resistance {unknown}
 E - a potion of cancellation {unknown}
 F - 2 potions of invisibility {unknown}
 H - a potion of magic {unknown}
 N - a potion of heal wounds {unknown}


   Skills:
 - Level 4.0 Fighting
 - Level 9.0 Short Blades
 - Level 7.6 Throwing
 - Level 0.7 Dodging
 - Level 7.4 Stealth
 + Level 3.9 Hexes


You had one spell level left.
You knew the following spells:

 Your Spells              Type           Power      Damage    Failure   Level
a - Confusing Touch       Hex            10%        N/A       19%         3
b - Wereblood             Tmut           0%         N/A       43%         2
c - Dazzling Flash        Conj/Hex       10%        N/A       38%         3

Your spell library contained the following spells:

 Spells                   Type           Power      Damage    Failure   Level
 Beastly Appendage        Tmut           0%         N/A       30%         1
 Freeze                   Ice            0%         1d3       30%         1
 Slow                     Hex            10%        N/A       10%         2
 Frozen Ramparts          Ice            0%         1d2       67%         3
 Spider Form              Tmut/Pois      0%         N/A       67%         3
 Vampiric Draining        Necr           0%         2d6       67%         3
 Hailstorm                Conj/Ice       0%         3d3       97%         4
 Ice Form                 Ice/Tmut       0%         N/A       97%         4
 Iskenderun's Mystic Bla  Conj/Tloc      0%         2d3       97%         4
 Summon Ice Beast         Ice/Summ       0%         N/A       97%         4
 Simulacrum               Ice/Necr       0%         N/A       100%        6
 Starburst                Conj/Fire      0%         8x6d3     100%        6


Dungeon Overview and Level Annotations

Branches:
Dungeon (8/15)             Temple (1/1) D:7           Sewer (visited)
   Lair: D:8-11

Altars:
Ashenzari
Cheibriados
Dithmenos
Elyvilon
Fedhas
Gozag
Hepliaklqana
Kikubaaqudgha
Makhleb
Okawaru
Qazlal
Ru
Trog
Uskayaw
Vehumet
Wu Jian
Xom
Yredelemnul
Zin
The Shining One

Shops:
D:5 :


Innate Abilities, Weirdness & Mutations

You have razor-sharp teeth.
Your natural rate of healing is unusually fast.
When hurt, damage is shared between your health and your magic reserves.
Your bite disrupts and absorbs the magic of your enemies.
Potions cannot restore your health.


Message History

You feel as though you will be slow longer.
You miss the hornet. Your bite misses the hornet.
The hornet is lightly wounded.
The hornet stings you.
You are poisoned.
You feel as though you will be slow longer.
The hornet stings you!
You feel as though you will be slow longer.
You hit the hornet but do no damage. Your bite misses the hornet.
The hornet is moderately wounded.
You feel very sick. The hornet completely misses you.
Unknown command.
You hit the hornet but do no damage. Lightning courses through the hornet!
Your bite misses the hornet.
The hornet is heavily wounded.
You feel sick. The hornet stings you.
You are more poisoned.
You feel as though you will be slow longer.
Unknown command.
You closely miss the hornet.
The hornet is severely wounded.
You feel very sick. The hornet completely misses you.
Unknown command.
You hit the hornet.
The hornet is severely wounded.
You feel very sick. The hornet stings you!
* * * LOW HITPOINT WARNING * * *
You feel as though you will be slow longer.
You hit the hornet but do no damage. You bite the hornet. You drain its power.
You feel invigorated.
The hornet is almost dead.
* * * LOW HITPOINT WARNING * * *
You feel very sick. The hornet stings you!
* * * LOW HITPOINT WARNING * * *
You suddenly lose the ability to move!
The hornet stings you!
You die...

#'####.....##...............#...#
............#...............#....
............#...............#....
............#...........(>..#....
............#...............#....
..).........#...............#....
............#.....:........>#....
............#...............'....
######....###...@...........###.#
#.# #....# ###y########......#.#
..# ....... ... #......#.. ..+
..........( #(.....#.. ..#
....... #......#.. ..# ..(....
#......#.. ..# .####+# #......#..
..# ########## ....


You could see a hornet (poisoned).

Vanquished Creatures
  Pikel (D:7)
  Sigmund (D:3)
  A wyvern (D:8)
  4 yaks (D:8)
  A water moccasin (D:8)
  3 orc warriors
  An ice beast (D:8)
  A necrophage (D:7)
  An ogre (D:7)
  A centaur (D:7)
  3 kobold brigands (Sewer)
  A wyvern zombie (D:6)
  4 bullfrogs
  2 scorpions (D:5)
  2 water moccasin zombies (D:5)
  A water moccasin skeleton (D:6)
  A howler monkey (D:6)
  3 centaur zombies
  A hound (D:5)
  2 orc priests
  A jelly (D:5)
  A bullfrog skeleton (D:6)
  3 centaur skeletons
  9 orc wizards
  Terence (D:2)
  A killer bee zombie (D:6)
  A hound zombie (D:5)
  5 howler monkey zombies
  4 gnolls (D:6)
  A howler monkey skeleton (D:7)
  10 river rats
  10 adders
  A white imp (D:5)
  2 worms
  A dart slug (D:1)
  25 orcs
  10 ball pythons
  10 endoplasms
  4 giant cockroaches
  10 goblins
  6 hobgoblins
  3 jackals
  17 kobolds
  2 quokkas
  7 bats
  2 frilled lizards
  24 rats
206 creatures vanquished.

Vanquished Creatures (others)
  An orc wizard (D:5)
  2 orcs (D:5)
  2 withered plants (D:6)
5 creatures vanquished.

Grand Total: 211 creatures vanquished

Notes
Turn   | Place    | Note
-------+----------+-------------------------------------------
     0 | D:1      | HAL9000 the Vine Stalker Brigand began the quest for the
                  | Orb.
     0 | D:1      | Reached XP level 1. HP: 11/11 MP: 2/2
   303 | D:1      | Reached XP level 2. HP: 10/15 MP: 1/3
  1005 | D:1      | Reached XP level 3. HP: 18/18 MP: 4/4
  1697 | D:2      | Found a faded altar of an unknown god.
  2320 | D:2      | Gained mutation: Your natural rate of healing is unusually
                  | fast. [Vine Stalker growth]
  2320 | D:2      | Reached XP level 4. HP: 8/23 MP: 3/5
  2367 | D:2      | Noticed Terence
  2381 | D:2      | Killed Terence
  2669 | D:3      | Reached XP level 5. HP: 26/26 MP: 6/6
  2774 | D:3      | Noticed Sigmund
  2779 | D:3      | Reached skill level 5 in Throwing
  2934 | D:3      | Killed Sigmund
  2935 | D:3      | Reached XP level 6. HP: 30/30 MP: 7/7
  3261 | D:3      | You fall into a shaft and drop 1 floor!
  3640 | D:4      | Reached XP level 7. HP: 34/34 MP: 8/8
  3954 | D:5      | Entered Level 5 of the Dungeon
  4168 | D:5      | Found Foetser's Book Shop.
  4596 | D:5      | Reached skill level 2 in Short Blades
  4773 | D:5      | Found an opulent altar of Gozag.
  4961 | D:5      | Reached skill level 3 in Short Blades
  4961 | D:5      | Gained mutation: You have razor-sharp teeth. [Vine Stalker
                  | growth]
  4961 | D:5      | Reached XP level 8. HP: 24/38 MP: 4/9
  5089 | D:6      | Reached skill level 4 in Short Blades
  5136 | D:6      | Found a glowing drain.
  5337 | D:6      | Reached skill level 5 in Short Blades
  5437 | Sewer    | Entered a sewer
  5965 | Sewer    | Reached skill level 6 in Short Blades
  6697 | D:6      | Reached XP level 9. HP: 38/43 MP: 10/10
  6701 | D:6      | Reached skill level 7 in Short Blades
  6834 | D:5      | Bought a book of Debilitation for 264 gold pieces
  6838 | D:5      | Learned a level 3 spell: Confusing Touch
  6841 | D:5      | Learned a level 2 spell: Wereblood
  6845 | D:5      | Learned a level 3 spell: Dazzling Flash
  7132 | D:7      | Found a radiant altar of Vehumet.
  7171 | D:7      | Found a snail-covered altar of Cheibriados.
  7349 | D:7      | Found an ornate altar of the Wu Jian Council.
  7526 | D:7      | Noticed Pikel
  7567 | D:7      | Reached skill level 8 in Short Blades
  7598 | D:7      | Killed Pikel
  7720 | D:7      | Found a staircase to the Ecumenical Temple.
  7733 | Temple   | Entered the Ecumenical Temple
  7896 | Temple   | Became a worshipper of Dithmenos the Shadowed
  8143 | D:8      | Reached skill level 9 in Short Blades
  8366 | D:8      | Reached skill level 5 in Stealth
  8747 | D:8      | Reached XP level 10. HP: 42/49 MP: 9/11
  8852 | D:8      | Reached skill level 1 in Hexes
  9108 | D:8      | HP: 1/49 [hornet (4)]
  9108 | D:8      | Paralysed by a hornet for 3 turns
  9108 | D:8      | Slain by a hornet

Illustrated notes

Levels and vault maps discovered:
D:1:      roderic_octagonal_star, layout_loops_corners, grunt_decor_fettered,
          kennysheep_crisscross
D:2:      layout_loops_corners, hellmonk_ecumenical_altar_arch_garden,
          uniq_terence
D:3:      layout_basic, grunt_ministairs_8, st_stairs_13, uniq_sigmund
D:4:      layout_cave_pools
D:5:      layout_gridville, nicolae_gozag_cash_rules_everything_around_me,
          amcnicky_mini_rare_corridor_liquid, minmay_shop_grid_forest,
          hangedman_decor_clover_reticule, st_stairs_13, lemuel_old_faithful
D:6:      layout_cave_pods, serial_undead, serial_undead_c, serial_undead_e,
          serial_undead_e, serial_undead_c, serial_undead_a, serial_undead_a,
          serial_undead_e, portal_sewer_entry_b, minmay_holes,
          minmay_misc_feat_tiny
D:7:      layout_basic, kennysheep_little_box,
          mainiacjoe_overflow_catwalk_spiral, minmay_temple_entry_nine_rooms,
          uniq_pikel
D:8:      layout_gridville, chequers_mini_garden
Temple:   regret_index_temple_sphere_string

Skill      XL: |  1  2  3  4  5  6  7  8  9 10 |
---------------+-------------------------------+-----
Throwing       | 2 3 4 6 7 |  7.6
Short Blades   | 3 6 9 |  9.0
Fighting       | 2 4 |  4.0
Stealth        | 7 |  7.4
Hexes          | 3 |  3.9
Dodging        | |  0.7

Action                   |  1- 3 |  4- 6 |  7- 9 | 10-12 || total
-------------------------+-------+-------+-------+-------++-------
Melee: Dagger            |   100 |    77 |   350 |    24 ||   551
       Bite              |    23 |    13 |   100 |     8 ||   144
 Fire: Hand crossbow     |       |       |     5 |       ||     5
Throw: Dart              |    22 |    54 |   136 |    18 ||   230
       Boomerang         |       |       |     4 |       ||     4
  Use: Scroll            |       |       |    10 |     1 ||    11
 Stab: Sleeping          |     4 |     6 |     2 |       ||    12
       Invisible         |       |       |     1 |       ||     1
Armor: Robe              |    25 |    27 |    77 |     2 ||   131
Dodge: Dodged            |    50 |    41 |   211 |    11 ||   313

Table legend: (Time is in decaauts)
 A = Elapsed time spent in this place.
 B = Non-inter-level travel time spent in this place.
 C = Inter-level travel time spent in this place.
 D = Time resting spent in this place.
 E = Time spent auto-exploring this place.
 F = Levels seen in this place.
 G = Mean time per level.
                   A        B        C        D        E       F      G
               +--------+--------+--------+--------+--------+-----+--------+
         Total |   8952 |   8512 |    440 |   1001 |   5680 |  10 |  895.2 |
       Dungeon |   7842 |   7451 |    391 |    801 |   5115 |   8 |  980.2 |
        Temple |    185 |    136 |     49 |      0 |    134 |   1 |  185.0 |
         Sewer |    924 |    924 |      0 |    200 |    430 |   1 |  924.0 |
               +--------+--------+--------+--------+--------+-----+--------+

Top non-repeatable levels by time:
     D:2: 1429 daAuts
     D:1: 1230 daAuts
     D:6: 1227 daAuts
     D:8: 994 daAuts
   Sewer: 924 daAuts
     D:5: 879 daAuts
     D:3: 806 daAuts
     D:7: 749 daAuts
     D:4: 524 daAuts
  Temple: 185 daAuts
